 Dungeon Crawl Stone Soup version 0.19.0-9-gfd783f2 (webtiles) character file.

17532 Inkary the Fighter (level 12, -1/105 HPs)
             Began as a Formicid Fighter on Nov 7, 2016.
             Was a Priest of Fedhas.
             Slain by a two-headed ogre
             ... wielding a +0 giant spiked club
              (24 damage)
             ... on level 12 of the Dungeon.
             The game lasted 00:32:57 (10859 turns).

Inkary the Fighter (Formicid Fighter)              Turns: 10859, Time: 00:32:58

Health: -1/105     AC: 12    Str: 26    XL:     12   Next: 83%
Magic:  17/17      EV: 10    Int:  5    God:    Fedhas [***...]
Gold:   721        SH: 12    Dex: 10    Spells: 4 memorised, 5 levels left

rFire  + + .     SeeInvis +     A - +2 great sword "Venk" {drain, -Tele rPois rF+++ Str-2}
rCold  + + +     Gourm    .     B - +1 scale mail {rC+}
rNeg   + . .     Faith    .     c - +0 shield
rPois  +         Spirit   .     (helmet unavailable)
rElec  .         Reflect  .     (no cloak)
rCorr  .         Harm     .     (no gloves)
MR     ++...                    (no boots)
Stlth  ..........               (no amulet)
                                a - ring of Kiheduh {Ice rN+ Str+2 Int-3 Slay+2}
                                o - ring of protection from cold

@: no status effects
A: permanent stasis, dig shafts and tunnels, four strong arms, antennae 3, icy
blue scales 1, rugged brown scales 1, magic resistance 1, regeneration 1
a: Dig, Shaft Self, Fungal Bloom, Evolution, Sunlight, Growth, Renounce Religion


You were on level 12 of the Dungeon.
You worshipped Fedhas.
Fedhas was most pleased with you.
You were not hungry.

You visited 1 branch of the dungeon, and saw 12 of its levels.
You also visited: Sewer and Ossuary.

You collected 721 gold pieces.

Inventory:

Hand Weapons
 n - a +4 war axe
 x - a +0 hand axe of venom
 A - the +2 great sword "Venk" (weapon) {drain, -Tele rPois rF+++ Str-2}
   (You found it on level 5 of the Dungeon)

   A truly terrible weapon, it drains the life of those it strikes.
   It affects your strength (-2).
   It renders you almost immune to fire.
   It protects you from poison.
   It prevents most forms of teleportation.
Missiles
 v - 7 poisoned javelins (quivered)
Armour
 c - a +0 shield (worn)
 B - a +1 scale mail of cold resistance (worn)
Jewellery
 a - the ring of Kiheduh (right hand) {Ice rN+ Str+2 Int-3 Slay+2}
   (You found it on level 10 of the Dungeon)

   [ring of ice]

   It enhances your ice magic.
   It affects your strength (+2).
   It affects your intelligence (-3).
   It affects your accuracy and damage with ranged weapons and melee attacks
   (+2).
   It makes you vulnerable to fire.
   It protects you from cold.
   It protects you from negative energy.
 o - a ring of protection from cold (left hand)
 p - a +2 ring of slaying
 y - an uncursed ring of ice
Wands
 l - a wand of polymorph (13/24)
 K - a wand of teleportation (4/9)
 P - a wand of paralysis (11/24)
Scrolls
 b - 4 scrolls of identify
 d - a scroll of fog {unknown}
 m - 4 scrolls of blinking {unknown}
 s - 2 scrolls of enchant armour {unknown}
 t - 2 scrolls of immolation
 u - 2 scrolls of amnesia
 w - 6 scrolls of enchant weapon
 z - 4 scrolls of noise
 F - 2 scrolls of remove curse
 H - a scroll of magic mapping
Potions
 e - 4 potions of flight
 k - a potion of mutation
 q - a potion of cancellation {unknown}
 r - 11 potions of curing
 C - a potion of brilliance
 E - a potion of resistance
 G - a potion of ambrosia {unknown}
 I - 2 potions of lignification
 O - 2 potions of cure mutation
 Q - a potion of magic
Books
 j - the Handbook of the Exiled Suns
   (You found it on level 12 of the Dungeon)

   Spells                             Type                      Level
   a - Flame Tongue                   Conjuration/Fire             1
   b - Conjure Flame                  Conjuration/Fire             3
   c - Ring of Flames                 Charms/Fire                  7
   d - Delayed Fireball               Conjuration/Fire             7
Comestibles
 f - 5 bread rations
 g - 9 meat rations
 h - a slice of pizza
 i - 2 chunks of flesh


   Skills:
 + Level 12.2 Fighting
 + Level 9.1 Long Blades
 - Level 6.6 Axes
 + Level 9.9 Armour
 - Level 9.6 Shields
 - Level 7.3 Invocations


You had 5 spell levels left.
You knew the following spells:

 Your Spells              Type           Power        Failure   Level  Hunger
a - Confusing Touch       Hex            #.....       90%         1    ##.....
b - Apportation           Tloc           #.........   90%         1    ##.....
c - Repel Missiles        Chrm/Air       #.....       98%         2    ###....
d - Swiftness             Chrm/Air       #.......     98%         2    ###....


Dungeon Overview and Level Annotations

Branches:
Dungeon (12/15)            Temple (0/1) D:7            Lair (0/6) D:11
    Orc (0/2) D:12

Altars:
Cheibriados
Dithmenos
Fedhas
Hepliaklqana
Kikubaaqudgha
Ru

Annotations:
D:12 Azrael


Innate Abilities, Weirdness & Mutations

You are under a permanent stasis effect.
You can dig through walls and to a lower floor.
Your four strong arms can wield two-handed weapons with a shield.
You have a pair of large antennae on your head. (SInv)
You are partially covered in icy blue scales. (AC +2)
You are partially covered in rugged brown scales. (AC +1, +3% HP)
You are resistant to hostile enchantments. (MR+)
Your natural rate of healing is unusually fast.


Message History

* * * LOW HITPOINT WARNING * * *
Your wandering mushroom releases spores at the fire elemental.
Put on which piece of jewellery? (? for menu, Esc to quit)
Okay, then.
You have 721 gold pieces.
A two-headed ogre comes into view. It is wielding two giant spiked clubs.
Your wandering mushroom releases spores at the fire elemental.
Azrael hits your wandering mushroom with a scimitar of flaming!
Azrael burns your wandering mushroom.
Your wandering mushroom releases spores at the fire elemental.
Your wandering mushroom releases spores at the fire elemental!
The fire elemental hits your wandering mushroom.
The fire elemental burns your wandering mushroom!
Your wandering mushroom barely misses the fire elemental.
Your wandering mushroom misses the fire elemental.
The fire elemental hits your wandering mushroom.
The fire elemental burns your wandering mushroom!
The two-headed ogre hits you with a giant spiked club!!
You die...
Fedhas appreciates your contribution to the ecosystem.

..#.....#...#........'..........#
..+.....#...####'#####..........#
..#.....#.......................#
..####'##...#####..######'#.....#
............# #(.#......#.....#
............# #..#......#.....#
.########...# #..#......#.....#
.# #...#####Of##+#####.)...# .#
#.......@..E§...........# .#
#..........Rf§..........#
.########................†......
...f......#######.........).....
####......+.!...'....#########..
#......#.....#....# .
#......#.....#....#
#......#######....#
#.................#


You could see Azrael, a fire elemental, a two-headed ogre and 2 friendly
wandering mushrooms.

Vanquished Creatures
  A fire giant (D:11)
  An orc warlord (D:10)
  Erolcha (D:12)
  Fannar (D:12)
  5 skeletal warriors
  An unseen horror (D:11)
  A deep elf mage (D:12)
  A manticore (D:10)
  2 trolls
  A hornet (D:10)
  A vampire (D:11)
  7 yaks
  Eustachio (D:5)
  2 shadows
  A wyvern (D:10)
  A fire elemental (D:12)
  A hog (shapeshifter) (D:12)
  A mottled dragon (D:11)
  A water moccasin (D:9)
  Duvessa (D:4)
  5 hell hounds
  2 orc warriors (D:6)
  An ice beast (D:10)
  2 sky beasts
  A black bear (D:10)
  A phantom (D:10)
  A necrophage (D:11)
  7 ogres
  6 centaurs
  A crocodile (D:11)
  Blork the orc (D:5)
  A big kobold (D:11)
  5 bullfrogs
  2 gnoll sergeants
  Dowan (D:4)
  7 water moccasin zombies
  A wyvern skeleton (D:9)
  A scorpion (D:4)
  A wight (D:5)
  3 killer bees (D:7)
  4 howler monkeys
  3 crimson imps
  4 centaur skeletons
  2 bullfrog skeletons
  10 hounds
  A jelly (D:10)
  2 orc priests
  8 orc wizards
  3 iguanas
  7 worker ants
  5 big kobold zombies (Ossuary)
  A hound zombie (D:7)
  3 mummies
  A worker ant zombie (D:11)
  A howler monkey skeleton (D:4)
  14 adders
  10 gnolls
  A river rat (D:5)
  A shadow imp (D:9)
  An ooze (D:1)
  7 adder zombies (Ossuary)
  3 worms
  7 leopard geckos
  30 orcs
  A ball python (D:2)
  11 bats
  A giant cockroach (D:2)
  A gnoll zombie (Ossuary)
  5 goblins
  2 hobgoblins
  9 jackals
  5 quokkas
  6 frilled lizards
  A goblin zombie (D:4)
  9 hobgoblin zombies (Ossuary)
  13 kobolds
  5 kobold zombies (Ossuary)
  A leopard gecko skeleton (D:6)
  6 orc zombies
  A quokka zombie (D:7)
  8 rats
  2 fungi (D:2)
298 creatures vanquished.

Vanquished Creatures (collateral kills)
  A hill giant (D:12)
  A deep elf mage (D:6)
  A centaur skeleton (D:10)
  The ghost of herpmino the Basher, a novice VSMo (D:5)
  A two-headed ogre (D:9)
  2 trolls
  A hippogriff (D:10)
  A wraith (D:12)
  A wyvern (D:9)
  A hungry ghost (D:10)
  An ice beast (D:7)
  An orc warrior (D:7)
  A crocodile (Sewer)
  A killer bee (D:7)
  A howler monkey (D:11)
  A quasit (D:11)
  An orc priest (D:10)
  A bullfrog skeleton (D:4)
  2 orc wizards
  An iguana (D:8)
  A gnoll (D:10)
  A worm (D:4)
  9 orcs
  2 jackals
  A kobold (D:11)
36 creatures vanquished.

Vanquished Creatures (others)
  8 wandering mushrooms
  146 toadstools
154 creatures vanquished.

Grand Total: 488 creatures vanquished

Notes
Turn   | Place    | Note
-------+----------+-------------------------------------------
     0 | D:1      | Inkary the Formicid Fighter began the quest for the Orb.
     0 | D:1      | Reached XP level 1. HP: 18/18 MP: 1/1
    89 | D:1      | Reached XP level 2. HP: 24/24 MP: 2/2
   322 | D:1      | Reached XP level 3. HP: 25/29 MP: 3/3
   565 | D:2      | Found a blossoming altar of Fedhas.
   675 | D:2      | Became a worshipper of Fedhas Madash
   896 | D:2      | Reached XP level 4. HP: 28/37 MP: 4/4
  1166 | D:2      | Reached skill level 4 in Fighting
  1422 | D:3      | Reached XP level 5. HP: 21/42 MP: 5/5
  1483 | D:3      | Reached skill level 5 in Shields
  1667 | D:3      | Noticed a sky beast
  1675 | D:3      | Killed a sky beast
  1675 | D:3      | Reached XP level 6. HP: 48/50 MP: 6/6
  1680 | D:3      | Gained mutation: You are partially covered in icy blue scales. (AC +2) [mutagenic meat]
  1682 | D:3      | Gained mutation: You are resistant to hostile enchantments. (MR+) [mutagenic meat]
  1683 | D:3      | Gained mutation: Your natural rate of healing is unusually fast. [mutagenic meat]
  1685 | D:3      | Gained mutation: You are partially covered in rugged brown scales. (AC +1, +3% HP) [mutagenic meat]
  1685 | D:3      | Found a hazy altar of Hepliaklqana.
  1851 | D:4      | Reached skill level 5 in Fighting
  1856 | D:4      | Noticed an ogre
  1861 | D:4      | Noticed an ogre
  1878 | D:4      | Killed an ogre
  1884 | D:4      | Killed an ogre
  1884 | D:4      | Reached XP level 7. HP: 46/57 MP: 7/7
  1938 | D:4      | Found a sand-covered staircase.
  2014 | Ossuary  | Entered an ossuary
  2137 | Ossuary  | Reached skill level 6 in Fighting
  2144 | Ossuary  | Reached skill level 5 in Axes
  2163 | Ossuary  | Reached XP level 8. HP: 52/65 MP: 8/8
  2352 | D:4      | Noticed Duvessa
  2356 | D:4      | Noticed Dowan
  2367 | D:4      | Killed Duvessa
  2370 | D:4      | Killed Dowan
  2453 | D:4      | Reached * piety under Fedhas
  2464 | D:4      | Reached skill level 7 in Fighting
  3155 | D:5      | Entered Level 5 of the Dungeon
  3169 | D:5      | Found a glowing drain.
  3189 | D:5      | Noticed Eustachio
  3191 | D:5      | Noticed Blork the orc
  3192 | Sewer    | Entered a sewer
  3254 | Sewer    | Reached XP level 9. HP: 69/74 MP: 9/9
  3340 | D:5      | Killed Blork the orc
  3377 | D:5      | Noticed herpmino's ghost (novice VSMo)
  3393 | D:5      | Killed herpmino's ghost
  3393 | D:5      | Reached skill level 1 in Invocations
  3401 | D:5      | Killed Eustachio
  3769 | D:5      | Got a steaming great sword
  3773 | D:5      | Identified the cursed +2 great sword "Venk" {drain, -Tele rPois rF+++ Str-2} (You found it on level 5 of the Dungeon)
  3955 | D:6      | Reached skill level 8 in Fighting
  3963 | D:6      | Reached skill level 1 in Long Blades
  4023 | D:6      | Noticed a deep elf mage
  4036 | D:6      | Killed a deep elf mage
  4063 | D:6      | Found a snail-covered altar of Cheibriados.
  4411 | D:6      | Found a shadowy altar of Dithmenos.
  4412 | D:6      | Found a sacrificial altar of Ru.
  4412 | D:6      | Found an ancient bone altar of Kikubaaqudgha.
  4818 | D:7      | Found a shadowy altar of Dithmenos.
  4982 | D:7      | Reached XP level 10. HP: 46/84 MP: 13/13
  5451 | D:7      | Found a staircase to the Ecumenical Temple.
  6558 | D:9      | Reached skill level 5 in Invocations
  6612 | D:9      | Reached skill level 9 in Fighting
  6652 | D:9      | Reached ** piety under Fedhas
  7000 | D:10     | Entered Level 10 of the Dungeon
  7131 | D:10     | Reached skill level 5 in Armour
  7228 | D:10     | Noticed a manticore
  7235 | D:10     | Killed a manticore
  7235 | D:10     | Reached skill level 5 in Long Blades
  7263 | D:10     | Reached XP level 11. HP: 68/92 MP: 15/15
  7479 | D:10     | Got a clouded tin ring
  7516 | D:10     | Reached skill level 10 in Fighting
  7866 | D:11     | Reached *** piety under Fedhas
  7948 | D:11     | Noticed an unseen horror
  7950 | D:11     | Killed an unseen horror
  7956 | D:11     | Noticed a fire giant
  7957 | D:11     | Noticed an orc warlord
  8060 | D:10     | Learned a level 1 spell: Confusing Touch
  8062 | D:10     | Learned a level 1 spell: Apportation
  8065 | D:10     | Learned a level 2 spell: Repel Missiles
  8068 | D:10     | Learned a level 2 spell: Swiftness
  8083 | D:10     | Killed an orc warlord
  8194 | D:10     | Identified the ring of Kiheduh {Ice rN+ Str+2 Int-3 Slay+2} (You found it on level 10 of the Dungeon)
  8207 | D:11     | Killed a fire giant
  8287 | D:11     | Found a staircase to the Lair.
  8687 | D:11     | Reached skill level 11 in Fighting
  8880 | D:11     | Reached XP level 12. HP: 100/103 MP: 17/17
  9616 | D:12     | Noticed Fannar
  9638 | D:12     | Killed Fannar
  9648 | D:12     | Noticed Erolcha
  9657 | D:12     | Killed Erolcha
  9688 | D:12     | Found a staircase to the Orcish Mines.
  9713 | D:12     | Noticed a skeletal warrior
  9714 | D:12     | Noticed a skeletal warrior
  9715 | D:12     | Noticed a skeletal warrior
  9715 | D:12     | Noticed a skeletal warrior
  9724 | D:12     | HP: 5/103 [skeletal warrior/battleaxe[a skeletal warrior] (11)]
  9883 | D:11     | Killed a skeletal warrior
  9886 | D:11     | Killed a skeletal warrior
 10180 | D:12     | Killed a skeletal warrior
 10191 | D:12     | HP: 4/105 [skeletal warrior/flail[a skeletal warrior] (15)]
 10201 | D:12     | Killed a skeletal warrior
 10459 | D:12     | Reached skill level 12 in Fighting
 10472 | D:12     | Noticed a skeletal warrior
 10487 | D:12     | Killed a skeletal warrior
 10760 | D:12     | Identified the Handbook of the Exiled Suns
 10837 | D:12     | Noticed Azrael
 10859 | D:12     | Slain by a two-headed ogre

Skill      XL: |  1  2  3  4  5  6  7  8  9 10 11 12 |
---------------+-------------------------------------+-----
Shields        | 4 5 6 8 9 |  9.6
Fighting       | 4 5 6 7 8 9 11 12 | 12.2
Axes           | 3 4 5 6 |  6.6
Invocations    | 4 6 7 |  7.3
Long Blades    | 2 5 7 9 |  9.1
Armour         | 5 8 9 |  9.9

Action                   |  1- 3 |  4- 6 |  7- 9 | 10-12 || total
-------------------------+-------+-------+-------+-------++-------
Melee: War axe           |    52 |    40 |       |       ||    92
       Hand axe          |    70 |    49 |   354 |       ||   473
       Great sword       |       |       |    98 |   445 ||   543
Invok: Fungal Bloom      |       |     1 |    14 |    50 ||    65
       Evolution         |       |       |     6 |     7 ||    13
       Sunlight          |       |       |       |     3 ||     3
 Abil: Dig               |       |       |     3 |     1 ||     4
  Use: Scroll            |     3 |     1 |     8 |    13 ||    25
       Potion            |       |       |       |     5 ||     5
 Stab: Confused          |       |       |     1 |       ||     1
       Distracted        |       |       |       |     1 ||     1
  Eat: Chunk             |       |     9 |     8 |    16 ||    33
       Beef jerky        |       |       |     2 |     1 ||     3
       Fruit             |       |       |       |     2 ||     2
       Royal jelly       |       |       |       |     1 ||     1
       Pizza             |       |       |       |     1 ||     1
Armor: Scale mail        |    59 |    29 |   173 |   122 ||   383
       Mottled dragon sc |       |       |       |    22 ||    22
       Troll leather arm |       |       |       |    18 ||    18
Dodge: Dodged            |    53 |    32 |   147 |   199 ||   431
Block: Shield            |    71 |    48 |   276 |   378 ||   773
       Rpst.: Great sword |       |       |    14 |    73 ||    87
